Map: 凯罗斯中转站-天梯版

Players

iGMacSed (MacSed)

  • Race: Protoss Protoss

Bly - Winner!

  • Race: Zerg Zerg

Event: WESG 2018 Grand Finals

VOD

Have the link to the VOD?

Description

Time

  • Played on: March 12, 2019, 4:25 a.m.
  • Length: 9:27

All games in this series

Show
View Real Time Build Order
Export as new Build Order

iGMacSed Protoss 

Build Orders:  

Get SALT Encoding   

  12  0:01  Probe  
  13  0:13  Probe  
  14  0:19  Pylon  
  14  0:24  Probe  
  15  0:33  Probe  
  15  0:39  Gateway  
  15  0:41  Probe  
  16  0:46  Assimilator  
  17  0:52  Probe  
  18  1:04  Probe  
  18  1:07  Pylon  
  19  1:16  Probe  
  20  1:22  Zealot  
  20  1:28  Probe  
  20  1:29  Cybernetics Core  
  23  1:40  Probe  
  23  1:45  Pylon  
  24  1:52  Probe  
  25  2:09  Nexus, Adept  
  25  2:21  Probe  
  28  2:24  Assimilator  
  28  2:29  Pylon  
  28  2:37  Probe  
  29  2:47  Adept  
  29  2:51  Pylon  
  31  3:05  Probe  
  31  3:10  Stalker, Stargate  
  32  3:13  Probe  
  33  3:22  Shield Battery x2  
  33  3:25  Warp Gate  
  33  3:34  Pylon  
  33  3:36  Shield Battery  
  33  3:40  Stalker  
  35  3:51  Void Ray  
  40  4:02  Probe  
  40  4:03  Probe  
  41  4:11  Shield Battery  
  41  4:15  Probe  
  40  4:19  Probe  
  41  4:27  Probe  
  42  4:31  Probe  
  42  4:34  Oracle  
  42  4:39  Probe  
  42  4:43  Probe  
  44  4:51  Pylon, Probe  
  45  4:54  Robotics Facility  
  45  4:55  Probe  
  46  5:03  Probe  
  46  5:10  Probe  
  46  5:13  Assimilator  
  44  5:17  Probe  
  44  5:22  Probe  
  44  5:26  Stalker  
  49  5:28  Oracle  
  49  5:29  Probe  
  48  5:37  Observer  
  48  5:38  Probe  
  48  5:42  Probe  
  48  5:50  Probe  
  48  5:53  Stalker  
  48  5:54  Probe  
  52  6:01  Gateway  
  52  6:02  Probe  
  52  6:03  Gateway, Immortal  
  53  6:06  Probe  
  53  6:07  Gateway  
  54  6:14  Probe  
  54  6:18  Probe, Assimilator  
  59  6:23  Pylon  
  60  6:26  Probe  
  60  6:29  Sentry  
  60  6:30  Pylon  
  63  6:37  Forge  
  63  6:40  Probe  
  63  6:46  Immortal  
  64  6:51  Probe  
  69  6:58  Sentry, Probe  
  69  6:59  Sentry  
  69  7:01  Protoss Ground Weapons Level 1, Pylon  
  74  7:08  Nexus, Probe  
  75  7:10  Probe  
  75  7:11  Pylon  
  75  7:12  Immortal  
  75  7:15  Sentry  
  78  7:22  Pylon  
  82  7:35  Zealot x3  
  82  7:40  Probe  
  81  7:47  Immortal  
  81  7:48  Sentry  
  83  7:56  Twilight Council  
  87  8:03  Zealot x3  
  93  8:09  Cybernetics Core  
  93  8:16  Observer  
  90  8:24  Zealot x3, Immortal  
  65  8:42  Probe  
  65  8:45  Zealot x3  
  60  9:10  Zealot x3  
Show
View Real Time Build Order
Export as new Build Order

Bly Zerg - Winner!

Build Orders: Hatch First 

Get SALT Encoding   

  12  0:01  Drone  
  13  0:13  Overlord  
  13  0:18  Drone  
  14  0:31  Drone x2  
  16  0:53  Drone  
  16  0:54  Hatchery  
  16  0:57  Drone  
  16  1:02  Drone  
  18  1:04  Extractor  
  17  1:17  Spawning Pool  
  16  1:20  Drone  
  16  1:24  Drone  
  18  1:32  Drone  
  19  1:44  Drone  
  20  1:51  Overlord  
  20  1:55  Evolution Chamber  
  20  1:58  Hatchery  
  19  2:06  Zergling x2  
  19  2:07  Roach Warren  
  19  2:12  Burrow  
  19  2:15  Zergling x2  
  20  2:47  Roach x3  
  26  3:00  Roach  
  28  3:11  Roach  
  28  3:12  Roach  
  32  3:19  Queen  
  33  3:21  Overlord  
  33  3:23  Queen  
  35  3:30  Overlord  
  35  3:38  Roach  
  35  3:41  Drone x3  
  35  3:42  Roach  
  35  3:44  Drone  
  35  3:45  Roach  
  39  3:52  Roach x3  
  38  4:03  Drone x3  
  38  4:05  Overlord  
  38  4:08  Roach x2  
  38  4:09  Roach x3  
  41  4:14  Overlord  
  41  4:16  Roach x2  
  39  4:17  Drone  
  40  4:24  Metabolic Boost  
  40  4:30  Hatchery  
  39  4:38  Roach x2  
  39  4:39  Roach  
  39  4:43  Overlord  
  39  4:45  Roach  
  37  4:49  Drone x4  
  41  4:53  Overlord  
  41  5:02  Roach  
  41  5:03  Roach  
  41  5:06  Queen x2  
  45  5:07  Drone  
  45  5:08  Drone x2  
  48  5:15  Overlord  
  48  5:16  Drone x2  
  48  5:34  Roach  
  48  5:36  Roach  
  48  5:41  Drone x3  
  49  5:49  Spore Crawler  
  48  5:50  Drone x7  
  55  5:59  Overlord  
  53  6:05  Drone x2  
  53  6:06  Queen x2  
  53  6:09  Extractor x2  
  57  6:13  Spore Crawler  
  54  6:22  Drone  
  54  6:25  Extractor  
  54  6:32  Spore Crawler  
  53  6:35  Roach x12  
  76  6:54  Drone x2  
  76  6:55  Drone  
  76  6:56  Zergling x10  
  76  6:58  Lair  
  76  7:01  Overlord  
  84  7:06  Overlord  
  84  7:08  Zergling x6  
  86  7:12  Ravager x3  
  86  7:15  Zergling x4  
  92  7:21  Zergling x4  
  92  7:22  Ravager x2  
  92  7:36  Zergling x12  
  94  7:39  Zergling x2  
  94  7:43  Ravager x3  
  97  7:46  Zergling x4  
  99  7:53  Zergling x2  
  99  7:57  Zergling x4  
  101  7:59  Overseer  
  101  8:00  Glial Reconstitution  
  101  8:02  Zergling x8  
  105  8:13  Roach x2, Zergling x12  
  109  8:21  Roach x4  
  109  8:23  Overlord  
  107  8:30  Zergling x2  
  107  8:31  Zergling x2  
  105  8:38  Zergling x4  
  103  8:46  Zergling x6  
  104  8:52  Zergling x10  
  106  9:06  Zergling x2  
  106  9:07  Zergling x4  
Tags
 
Add a new tag
Caveats
  • Supply blocks, unpowered buildings, or Contaminate may cause inaccurate times.
  • Supply counts are checked every 10 seconds.